 Dungeon Crawl Stone Soup version 0.19.3-4-gbf9329e (console) character file.

374 gdspd the Chopper (level 6, 0/57 HPs)
             Began as a Minotaur Fighter on Jan 28, 2017.
             Killed by nerve-wracking pain
             ... invoked by an orc priest
              (11 damage)
             ... on level 4 of the Dungeon.
             The game lasted 00:09:45 (2710 turns).

gdspd the Chopper (Minotaur Fighter)                Turns: 2710, Time: 00:09:46

Health: 0/57       AC: 10    Str: 20    XL:     6   Next: 43%
Magic:  5/5        EV:  7    Int:  6    God:
Gold:   220        SH:  9    Dex: 11    Spells: 0 memorised, 5 levels left

rFire  . . .     SeeInvis .     a - +0 war axe
rCold  + . .     Gourm    .     b - +0 scale mail
rNeg   . . .     Faith    .     c - +0 shield
rPois  .         Spirit   .     (helmet restricted)
rElec  .         Reflect  .     t - +2 cloak {+Inv}
rCorr  .         Harm     .     (no gloves)
MR     .....                    (no boots)
Stlth  ..........               (no amulet)
                                (no ring)
                                j - ring of protection from cold

@: no status effects
A: retaliatory headbutt, horns 2
a: Evoke Invisibility


You were on level 4 of the Dungeon.
You were not hungry.

You visited 1 branch of the dungeon, and saw 4 of its levels.

You collected 220 gold pieces.

Inventory:

Hand Weapons
 a - a +0 war axe (weapon)
 s - a +3 quarterstaff of chaos
   (You took it off Crazy Yiuf on level 3 of the Dungeon)
Armour
 b - a +0 scale mail (worn)
 c - a +0 shield (worn)
 t - a +2 cloak of invisibility (worn)
   (You took it off Crazy Yiuf on level 3 of the Dungeon)
Jewellery
 j - a ring of protection from cold (left hand)
   (You found it on level 1 of the Dungeon)
 o - a +4 ring of evasion {unknown}
   (You found it on level 4 of the Dungeon)
Scrolls
 e - 3 scrolls of identify {unknown}
 l - 2 scrolls of remove curse {unknown}
 m - 2 scrolls of blinking {unknown}
 n - a scroll of fog {unknown}
 p - 2 scrolls of magic mapping {unknown}
 u - a scroll of recharging {unknown}
 v - a scroll of enchant weapon {unknown}
 w - a scroll of teleportation {unknown}
Potions
 d - a potion of might
 h - 4 potions of ambrosia {unknown}
 i - 2 potions of resistance {unknown}
 q - 2 potions of magic {unknown}
Comestibles
 f - 4 bread rations
 g - 3 meat rations
 k - 5 fruits
 r - a royal jelly


   Skills:
 + Level 5.9 Fighting
 * Level 6.9 Axes
 - Level 3.6 Armour
 - Level 3.6 Shields


You had 5 spell levels left.
You didn't know any spells.

Dungeon Overview and Level Annotations

Branches:
Dungeon (4/15)
 Temple: D:4-7

Altars:
Sif Muna


Innate Abilities, Weirdness & Mutations

You reflexively headbutt those who attack you in melee.
You have a pair of horns on your head.


Message History

You see here a short sword.
A phantom comes into view.
You closely miss the phantom. The phantom hits you.
You block the phantom's attack.
You hit the phantom but do no damage.
The phantom hits you but does no damage.
You slash the phantom! Your headbutt misses the phantom. The phantom hits you!
The phantom blinks!
No target in view!
You slash the phantom! Your headbutt misses the phantom.
The phantom blinks!
The phantom blinks!
You hit the phantom.
The phantom blinks!
You miss the phantom. The phantom hits you.
The phantom blinks!
All of the chunks of flesh in your inventory have rotted away.
The phantom hits you but does no damage.
You closely miss the phantom. You headbutt the phantom.
The phantom hits you but does no damage.
You closely miss the phantom. The phantom hits you.
You miss the phantom. You block the phantom's attack.
You closely miss the phantom. You block the phantom's attack.
You hit the phantom.
The phantom blinks!
You slash the phantom!
You destroy the phantom!
You have reached level 6!
Your experience leads to an increase in your attributes!
Increase (S)trength, (I)ntelligence, or (D)exterity?
You feel agile.
A giant cockroach comes into view.
You block the giant cockroach's attack.
You completely miss the giant cockroach.
You block the giant cockroach's attack.
Your scale mail prevents you from hitting the giant cockroach.
The giant cockroach bites you.
You closely miss the giant cockroach. The giant cockroach barely misses you.
You furiously retaliate!
You headbutt the giant cockroach. The giant cockroach bites you.
You slash the giant cockroach!
You kill the giant cockroach!
No target in view!
You now have 220 gold pieces (gained 3).
o - an emerald ring No target in view!
No target in view!
No target in view!
w - a scroll labeled PADGHA LUGONAI You see here 26 arrows.
You found a teleport trap!
You see here 26 arrows.
You are feeling hungry.
Found a stone staircase leading up.
You see here a short sword.
Found a stone staircase leading up.
You start eating one of the 6 fruits.
That choko was very bland.
Found a stone staircase leading down.
An orc priest comes into view.
The orc priest shouts!
An orc comes into view. It is wielding a dagger.
An orc comes into view. It is wielding a club.
The orc shouts!
An orc priest comes into view. It is wielding a short sword.
The orc priest shouts!
You block the orc priest's attack.
You closely miss the orc priest. You hit the orc but do no damage.
You block the orc's attack.
You hit the orc but do no damage. The orc hits you but does no damage.
Your shield and scale mail prevent you from hitting the orc.
You block the orc's attack.
You barely miss the orc. You headbutt the orc!
You kill the orc!
The orc priest calls down the wrath of Beogh upon you.
Beogh smites you!
The orc priest mumbles some strange prayers to Beogh against you.
Beogh smites you!
You are too injured to fight recklessly!
You are too injured to fight recklessly!
You are too injured to fight recklessly!
You are too injured to fight recklessly!
You are too injured to fight recklessly!
You are too injured to fight recklessly!
You barely miss the orc priest. You headbutt the orc priest.
You block the orc priest's attack.
You hit the orc priest. Your headbutt misses the orc priest.
You block the orc priest's attack.
You hit the orc priest. The orc priest barely misses you.
The orc priest invokes the aid of Beogh against you.
Beogh smites you!
* * * LOW HITPOINT WARNING * * *
You block the orc priest's attack.
You slash the orc priest!
You kill the orc priest!
Your shield and scale mail prevent you from hitting the orc.
The orc hits you but does no damage. You block the orc's attack.
You barely miss the orc. The orc hits you with a club.
* * * LOW HITPOINT WARNING * * *
You slash the orc!
You kill the orc!
You closely miss the orc priest. You headbutt the orc priest.
The orc priest calls down the wrath of Beogh upon you.
Pain shoots through your body!
* * * LOW HITPOINT WARNING * * *
You hit the orc priest.
The orc priest invokes the aid of Beogh against you.
Pain shoots through your body!
You die...

#.........#...#
#########.#.###.##
.........<...>...#
#.#########.###..#
#.# #......# ..#
######.# #.# #.#
#.# #.# #.#### #.#
#....# #.# #.##.#
#H# #.##.# #o#
#.##.# #.# #.##.#
#.# #.##.# #.#
#.##.# #.# #.##.#
#.# #.##.# #.#
#.##.### #.##.#..
#.##.#^#


You could see an orc priest.

Vanquished Creatures
  A phantom (D:4)
  Crazy Yiuf (D:3)
  An orc priest (D:4)
  Jessica (D:3)
  A worker ant (D:3)
  Robin (D:4)
  8 adders
  An ooze (D:3)
  2 worms (D:3)
  3 dart slugs (D:1)
  A leopard gecko (D:4)
  7 orcs
  4 giant cockroaches
  10 goblins
  12 hobgoblins
  6 jackals
  6 bats
  A frilled lizard (D:1)
  3 kobolds
  8 rats
78 creatures vanquished.

Notes
Turn   | Place    | Note
-------+----------+-------------------------------------------
     0 | D:1      | gdspd the Minotaur Fighter began the quest for the Orb.
     0 | D:1      | Reached XP level 1. HP: 19/19 MP: 0/0
   142 | D:1      | Reached skill level 3 in Axes
   336 | D:1      | Reached XP level 2. HP: 27/27 MP: 1/1
   423 | D:1      | Reached skill level 4 in Fighting
   985 | D:2      | Reached XP level 3. HP: 33/33 MP: 2/2
  1072 | D:2      | Reached skill level 4 in Axes
  1250 | D:2      | Found a deep blue altar of Sif Muna.
  1314 | D:2      | You fall through a shaft!
  1329 | D:3      | Reached XP level 4. HP: 34/41 MP: 3/3
  1442 | D:3      | Reached skill level 5 in Axes
  1575 | D:3      | Reached skill level 5 in Fighting
  1575 | D:3      | Reached XP level 5. HP: 47/48 MP: 4/4
  1741 | D:3      | Found a runed door.
  1791 | D:3      | Noticed Jessica
  1800 | D:3      | Killed Jessica
  1984 | D:3      | Noticed Crazy Yiuf
  1986 | D:3      | Paralysed by Crazy Yiuf for 5 turns
  1996 | D:3      | Killed Crazy Yiuf
  1996 | D:3      | Reached skill level 6 in Axes
  2079 | D:4      | Noticed Robin
  2085 | D:4      | Killed Robin
  2311 | D:4      | Noticed a phantom
  2330 | D:4      | Killed a phantom
  2330 | D:4      | Reached XP level 6. HP: 44/57 MP: 5/5
  2709 | D:4      | HP: 11/57 [orc priest/nerve-wracking pain (7)]
  2710 | D:4      | Killed from afar by an orc priest

Skill      XL: |  1  2  3  4  5 |
---------------+----------------+-----
Axes           | 3 4 5 6 |  6.9
Fighting       | 4 5 |  5.9
Armour         | |  3.6
Shields        | |  3.6

Action                   |  1- 3 |  4- 6 || total
-------------------------+-------+-------++-------
Melee: War axe           |   100 |   118 ||   218
       Headbutt          |     7 |    19 ||    26
  Eat: Chunk             |     1 |     4 ||     5
       Fruit             |       |     1 ||     1
Armor: Scale mail        |    40 |    36 ||    76
Dodge: Dodged            |    47 |    24 ||    71
Block: Shield            |    59 |    55 ||   114

Vault maps used:
D:1:      lightli_iron_boxes
D:2:      led_sif_pool, uniq_sigmund
D:3:      first_bread, uniq_jessica, uniq_crazy_yiuf_cottage
D:4:      uniq_robin

Table legend:
 A = Turns spent in this place as a percentage of turns spent in the entire game.
 B = Non-inter-level travel turns spent in this place as a percentage of non-inter-level travel turns spent in the entire game.
 C = Inter-level travel turns spent in this place as a percentage of turns spent in this place.
 D = Turns resting spent in this place as a percentage of non-inter-level travel turns spent in this place.
 E = Turns spent auto-exploring this place as a percentage of non-inter-level travel turns spent in this place.
 F = Non-inter-level travel turns spent in this place divided by the number of levels of this place that you've seen.
                   A       B       C       D       E      F
               +-------+-------+-------+-------+-------+----------------------
         Total | 100.0 | 100.0 |   0.3 |   0.0 |  14.0 | 143.2
       Dungeon | 100.0 | 100.0 |   0.3 |   0.0 |  14.0 | 143.2
               +-------+-------+-------+-------+-------+----------------------

Table legend:
 A = Kills in this place as a percentage of kills in entire the game.
 B = Kills by you in this place as a percentage of kills by you in the entire game.
 C = Kills by friends in this place as a percentage of kills by friends in the entire game.
 D = Other kills in this place as a percentage of other kills in the entire game.
 E = Experience gained in this place as a percentage of experience gained in the entire game.
 F = Experience gained in this place divided by the number of levels of this place that you have seen.
                   A       B       C       D       E      F
               +-------+-------+-------+-------+-------+----------------------
         Total | 100.0 | 100.0 |  -nan |  -nan | 100.0 | 133.8
       Dungeon | 100.0 | 100.0 |  -nan |  -nan | 100.0 | 133.8
               +-------+-------+-------+-------+-------+----------------------
